 Dungeon Crawl Stone Soup version 0.27.1 (webtiles) character file.

Game seed: 9044874786338825943

13 Tirrikindir the Skirmisher (level 2, 0/21 HPs)
             Began as an Octopode Fighter on Sept 4, 2021.
             Constricted to death by a ball python (1 damage)
             ... on level 1 of the Dungeon.
             The game lasted 00:01:10 (519 turns).

Tirrikindir the Skirmisher (Octopode Fighter)        Turns: 519, Time: 00:01:11

Health: 0/21       AC:  1    Str: 15    XL:     2   Next: 37%
Magic:  2/2        EV:  8    Int: 10    God:
Gold:   41         SH:  8    Dex: 11    Spells: 1/1 levels left

rFire    . . .     SeeInvis .   a - +0 long sword
rCold    . . .     Faith    .   b - +0 kite shield
rNeg     . . .     Spirit   .   (helmet restricted)
rPois    .         Reflect  .   (no amulet)
rElec    .         Harm     .   (no ring)
rCorr    .         Rampage  .   (no ring)
Will     .....                  (no ring)
Stlth    ++........             (no ring)
HPRegen  0.07/turn              (no ring)
MPRegen  0.08/turn              (no ring)
                                (no ring)
                                (no ring)

@: constricted
A: almost no armour, amphibious, 8 rings, camouflage 1, gelatinous body 1,
(nimble swimmer 1), tentacles
a: no special abilities


You were on level 1 of the Dungeon.
You visited 1 branch of the dungeon, and saw 1 of its levels.

You collected 41 gold pieces.

Inventory:

Hand Weapons
 a - a +0 long sword (weapon)
Armour
 b - a +0 kite shield (worn)
Scrolls
 d - a scroll of amnesia {unknown}
Potions
 c - a potion of might
 e - a potion of invisibility {unknown}


   Skills:
 + Level 3.1 Fighting
 * Level 2.3 Long Blades
 + Level 3.1 Dodging
 + Level 1.0 Stealth
 + Level 3.1 Shields


You had one spell level left.
You didn't know any spells.
Your spell library was empty.

Dungeon Overview and Level Annotations

Branches:
Dungeon (1/15)

Altars:


Innate Abilities, Weirdness & Mutations

You cannot wear most types of armour.
You are amphibious.
You can wear up to eight rings at the same time.
Your skin changes colour to match your surroundings (Stealth+).
Your rubbery body absorbs attacks. (AC +1, EV +1)
((You are camouflaged near water. (Stealth+)))
You have tentacles for arms and can constrict up to eight enemies at once.


Message History

You hit the endoplasm but do no damage.
The endoplasm is moderately wounded.
You block the rat's attack. The endoplasm freezes you.
You are frozen.
The bat hits you but does no damage. You block the bat's attack.
The bat barely misses you.
You riposte.
You slash the bat!
You kill the bat!
You closely miss the kobold.
The ball python hisses angrily.
Your grab misses the kobold. The kobold closely misses you.
The kobold hits you with a +0 short sword.
You closely miss the kobold. Your grab misses the kobold.
The kobold hits you with a +0 short sword.
You slash the kobold!
You kill the kobold!
The rat completely misses you.
You hit the rat but do no damage. You grab the rat. You constrict the rat.
You kill the rat!
You hit the endoplasm.
The endoplasm is heavily wounded.
The endoplasm hits you but does no damage.
The endoplasm freezes you.
You are frozen.
You barely miss the endoplasm.
The endoplasm is heavily wounded.
The endoplasm hits you.
* * * LOW HITPOINT WARNING * * *
Unknown command.
You barely miss the endoplasm. You squeeze the endoplasm.
You kill the endoplasm!
The ball python bites you.
* * * LOW HITPOINT WARNING * * *
You block the ball python's attack.
You completely miss the ball python. You grab the ball python.
You constrict the ball python. The ball python bites you.
* * * LOW HITPOINT WARNING * * *
The ball python grabs you. The ball python constricts you.
You die...

.........# ........#
# .......# .. #
#......##.. #
#......... #
#.......# # #
#.......#########
#.###.##..(.........
#>.@S...........####
#######.###.....## #
###.###.##...###
#.....#.##.#.##.
#####.#......#..
#....##.#.#.#
#..#.##.#...#
########..#.##....##
..........#.......##


You could see a ball python.

Vanquished Creatures
  A dart slug (D:1)
  3 endoplasms (D:1)
  A goblin (D:1)
  2 kobolds (D:1)
  A bat (D:1)
  3 rats (D:1)
11 creatures vanquished.

Notes
Turn   | Place    | Note
-------+----------+-------------------------------------------
     0 | D:1      | Tirrikindir the Octopode Fighter began the quest for the
                  | Orb.
     0 | D:1      | Reached XP level 1. HP: 16/16 MP: 1/1
   323 | D:1      | Reached XP level 2. HP: 20/21 MP: 2/2
   328 | D:1      | Reached skill level 1 in Stealth
   519 | D:1      | HP: 1/21 [ball python (3)]
   519 | D:1      | Constricted to death by a ball python

Illustrated notes

Levels and vault maps discovered:
D:1:      arrival_zaba_pyramid, layout_basic

Skill      XL: |  1  2 |
---------------+-------+-----
Stealth        | 1 |  1.0
Fighting       | |  3.1
Long Blades    | |  2.3
Dodging        | |  3.1
Shields        | |  3.1

Action                   || total
-------------------------++-------
Melee: Long sword        ||    26
       Constrict         ||     5
       Tentacles         ||     3
 Stab: Sleeping          ||     1
Armor: Skin              ||     2
Dodge: Dodged            ||     3
Block: Kite shield       ||     8
       Rpst.: Long sword ||     1
